Map: Magannatha LE

Players

xDSPB - Winner!

  • Race: Protoss Protoss
  • League: Gold
  • Spawn Location: 11:00

ManlyManMeat

  • Race: Protoss Protoss
  • League: Master
  • Spawn Location: 5:00

VOD

Have the link to the VOD?

Description

Time

  • Played on: June 14, 2025, 12:23 p.m.
  • Length: 1:26
Show
View Real Time Build Order
Export as new Build Order

xDSPB Protoss - Winner!

Build Orders:  

Get SALT Encoding   

  12  0:00  Probe  
  13  0:12  Probe  
  14  0:18  Pylon  
  14  0:24  Probe  
  15  0:37  Gateway  
  15  0:41  Probe  
  15  0:42  Assimilator  
  15  0:49  Probe  
  17  0:59  Probe  
Show
View Real Time Build Order
Export as new Build Order

ManlyManMeat Protoss 

Build Orders:  

Get SALT Encoding   

  12  0:00  Probe  
  13  0:16  Pylon  
  13  0:18  Probe  
  14  0:32  Probe  
  15  0:36  Forge  
  15  0:40  Probe  
  16  0:56  Pylon  
  16  0:58  Pylon  
  16  1:02  Pylon  
  16  1:14  Photon Cannon  
  16  1:21  Photon Cannon  
Tags
 
Matchup
PvP
Replay Pack
Multiplayer
Spawn Locations
Cross Positions
Add a new tag
Caveats
  • Supply blocks, unpowered buildings, or Contaminate may cause inaccurate times.
  • Supply counts are checked every 10 seconds.